 Dungeon Crawl Stone Soup version 0.32-a0-913-g739538afd8 (webtiles) character file.

Game seed: 7654737974497564747

3207 Fractals the Covert (level 9, -14/74 HPs)
             Began as a Gnoll Delver on Apr 8, 2024.
             Was a Believer of Elyvilon.
             Killed from afar by a hellion (17 damage)
             ... with damnation
             ... on level 1 of the Abyss.
             The game lasted 00:21:38 (7239 turns).

Fractals the Covert (Gnoll Delver)                  Turns: 7239, Time: 00:21:40

Health: -14/74     AC: 15    Str: 16    XL:     9   Next: 97%
Magic:  13/16      EV:  7    Int:  9    God:    Elyvilon [**....]
Gold:   402        SH: 12    Dex: 14    Spells: 17/17 levels left

rFire   . . .        D - +1 war axe (venom)
rCold   . . .        w - +3 kite shield
rNeg    . . .        h - +1 chain mail
rPois   .            (no helmet)
rElec   .            (no cloak)
rCorr   .            H - +1 pair of gloves
SInv    +            I - +1 pair of boots
Will    .....        (no amulet)
Stlth   ++           m - ring of flight
HPRegen 0.32/turn    y - ring of see invisible
MPRegen 0.15/turn

%: no passive effects
@: flying
A: fangs 1, strong nose, distributed training
a: Renounce Religion, Purification, Heal Other


You were on level 1 of the Abyss.
You worshipped Elyvilon.
Elyvilon was pleased with you.
You visited 1 branch of the dungeon, and saw 8 of its levels.
You visited the Abyss 1 time.

You collected 402 gold pieces.

Inventory:

Hand Weapons
 s - a +3 mace
 v - a +3 short sword of holy wrath
 D - a +1 war axe of venom (weapon)
Missiles
 b - 4 poisoned darts (quivered)
Armour
 h - a +1 chain mail (worn)
 w - a +3 kite shield (worn)
 H - a +1 pair of gloves (worn)
 I - a +1 pair of boots (worn)
Jewellery
 k - a +6 ring of intelligence
 m - a ring of flight (left hand)
 y - a ring of see invisible (right hand)
Wands
 g - a wand of digging (3)
 i - a wand of polymorph (10)
 p - a wand of mindburst (13)
 t - a wand of paralysis (17)
 z - a wand of flame (34)
 C - a wand of warping (20)
Scrolls
 a - a scroll of identify
 c - a scroll of fog
 d - 2 scrolls of revelation
 e - 3 scrolls of fear
 l - 4 scrolls of teleportation
 o - a scroll of enchant armour
 q - a scroll of immolation {unknown}
 r - a scroll of amnesia {unknown}
 E - a scroll of enchant weapon {unknown}
 G - a scroll of torment {unknown}
 K - a scroll of acquirement {unknown}
Potions
 f - a potion of haste
 n - 3 potions of curing
 u - 2 potions of brilliance
 x - 3 potions of heal wounds
 A - a potion of enlightenment
 B - a potion of lignification
 J - a potion of magic


   Skills:
 + Level 8.3 Fighting
 + Level 4.9 Short Blades
 + Level 4.9 Long Blades
 + Level 4.9 Axes
 + Level 4.9 Maces & Flails
 + Level 6.8 Polearms
 + Level 4.9 Staves
 + Level 4.9 Ranged Weapons
 + Level 4.9 Throwing
 + Level 4.9 Armour
 + Level 6.8 Dodging
 + Level 10.8 Stealth
 + Level 4.9 Shields
 + Level 4.9 Unarmed Combat
 + Level 4.9 Spellcasting
 + Level 4.1 Conjurations
 + Level 4.1 Hexes
 + Level 4.1 Summonings
 + Level 4.1 Necromancy
 + Level 4.1 Translocations
 + Level 4.1 Fire Magic
 + Level 4.1 Ice Magic
 + Level 4.1 Air Magic
 + Level 4.1 Earth Magic
 + Level 4.1 Alchemy
 + Level 5.4 Invocations
 + Level 4.9 Evocations
 + Level 4.5 Shapeshifting


You had 17 spell levels left.
You didn't know any spells.
Your spell library was empty.

Dungeon Overview and Level Annotations

Branches:
Dungeon (8/15)             Temple (0/1) D:6
   Lair: D:8-11

Altars:
Cheibriados
Elyvilon
Fedhas
Nemelex Xobeh
Qazlal
Trog
Wu Jian
Yredelemnul
Zin
The Shining One

Shops:
D:2 *   D:4 *

Annotations:
D:3 1 runed translucent door, wally255's ghost, amateur MiRe


Innate Abilities, Weirdness & Mutations

You have very sharp teeth.
Your uncanny sense of smell can sniff out nearby items.
Your experience applies equally to all skills.


Message History

Okay, then.
Found a gateway leading deeper into the Abyss.
The orange demon screeches!
Press: ? - help, . - travel You can't see that place.
Unknown command.
A hellion comes into view.
The hellion gives a hideous shriek!
The hellion gestures at you.
The sphere of damnation explodes!
The damnation engulfs you!! The hellion gestures at you.
The sphere of damnation explodes!
The damnation engulfs you!!!
* * * LOW HITPOINT WARNING * * *
Okay, then.
You are healed.
The hellion gestures at you.
The sphere of damnation explodes!
The damnation engulfs you!!
* * * LOW HITPOINT WARNING * * *
You hear a deafening roar!
Unknown command.
Unknown command.
Press: ? - help, Dir - move target, f - hellion Heal: a hellion (chance to pacify: 2%)
The light of Elyvilon fails to reach the hellion.
You can no longer provide healing for yourself.
Unknown command.
You hit the hellion.
The hellion is lightly wounded.
You block the hellion's attack. x2
You slash the hellion!
The hellion is moderately wounded.
The hellion hits you. Elyvilon protects you from harm!
You slash the hellion!
The hellion is heavily wounded.
You block the hellion's attack.
A chaos spawn comes into view.
The hellion gestures at you.
The sphere of damnation explodes!
The damnation engulfs you!
You die...

#4 #. .
#. ## .#
.# .# .
.. #.
.##.
#..#..
#..#.#
#.2@#
#.#.# #
#.#
######.#
#..#.#.#
# #
#.#..# #
#......#
#..##..#
########


You could see a hellion and a chaos spawn.

Vanquished Creatures
  Joseph (D:7)
  Jeremiah (D:7)
  Sigmund (D:3)
  A basilisk (D:6)
  A yak (D:6)
  3 water moccasins
  2 orc warriors (D:6)
  2 ogres
  3 black bears
  A centaur (D:6)
  A phantom (D:6)
  Blork the orc (D:5)
  2 bullfrogs
  4 scorpions
  A bombardier beetle (D:6)
  4 orc priests
  2 hounds
  A sleepcap (D:6)
  Jessica (D:3)
  6 orc wizards
  Natasha (D:2)
  Terence (D:2)
  4 adders
  A white imp (D:6)
  6 ufetubi
  2 ribbon worms
  4 dart slugs
  23 orcs
  3 ball pythons
  4 endoplasms
  A giant cockroach (D:1)
  A goblin (D:1)
  6 hobgoblins
  5 jackals (D:1)
  10 kobolds
  2 quokkas
  3 bats
  A frilled lizard (D:1)
  5 rats
122 creatures vanquished.

Vanquished Creatures (others)
  An orc (D:6)
1 creature vanquished.

Grand Total: 123 creatures vanquished

Notes
Turn   | Place    | Note
-------+----------+-------------------------------------------
     0 | D:5      | Reached skill level 9 in Stealth
     0 | D:5      | Fractals the Gnoll Delver began the quest for the Orb.
     0 | D:5      | Reached XP level 1. HP: 23/23 MP: 1/1
    52 | D:5      | Noticed a black bear
   179 | D:5      | Noticed a scorpion
   241 | D:5      | Noticed a black bear
   241 | D:5      | Noticed a water moccasin
   311 | D:4      | Noticed an air elemental
   312 | D:4      | Found a stormy altar of Qazlal.
   315 | D:4      | Noticed an earth elemental
   315 | D:4      | Noticed a water elemental
   315 | D:4      | Noticed a fire elemental
   371 | D:4      | Found a basalt altar of Yredelemnul.
   553 | D:4      | Found Zugo's Assorted Antiques.
   651 | D:3      | Reached XP level 2. HP: 29/29 MP: 2/2
   657 | D:3      | Noticed wally255's ghost (amateur MiRe)
   659 | D:3      | Noticed Sigmund
   664 | D:3      | Found a runed translucent door.
   818 | D:2      | Reached XP level 3. HP: 35/35 MP: 3/3
   946 | D:1      | Reached skill level 1 in Invocations
   999 | D:1      | Reached skill level 1 in Short Blades
   999 | D:1      | Reached skill level 1 in Long Blades
   999 | D:1      | Reached skill level 1 in Axes
   999 | D:1      | Reached skill level 1 in Maces & Flails
   999 | D:1      | Reached skill level 1 in Staves
   999 | D:1      | Reached skill level 1 in Ranged Weapons
   999 | D:1      | Reached skill level 1 in Throwing
   999 | D:1      | Reached skill level 1 in Armour
   999 | D:1      | Reached skill level 1 in Shields
   999 | D:1      | Reached skill level 1 in Unarmed Combat
   999 | D:1      | Reached skill level 1 in Spellcasting
   999 | D:1      | Reached skill level 1 in Evocations
  1377 | D:2      | Reached skill level 1 in Shapeshifting
  1377 | D:2      | Reached XP level 4. HP: 41/41 MP: 5/5
  1442 | D:2      | Noticed Natasha
  1464 | D:2      | Killed Natasha
  1465 | D:2      | Reached skill level 1 in Conjurations
  1465 | D:2      | Reached skill level 1 in Hexes
  1465 | D:2      | Reached skill level 1 in Summonings
  1465 | D:2      | Reached skill level 1 in Necromancy
  1465 | D:2      | Reached skill level 1 in Translocations
  1465 | D:2      | Reached skill level 1 in Fire Magic
  1465 | D:2      | Reached skill level 1 in Ice Magic
  1465 | D:2      | Reached skill level 1 in Air Magic
  1465 | D:2      | Reached skill level 1 in Earth Magic
  1465 | D:2      | Reached skill level 1 in Alchemy
  1718 | D:2      | Noticed Terence
  1726 | D:2      | Found Wet Pip's Assorted Antiques.
  1735 | D:2      | Killed Terence
  1736 | D:2      | Reached XP level 5. HP: 47/47 MP: 5/7
  2294 | D:3      | Killed Sigmund
  2295 | D:3      | Reached skill level 5 in Polearms
  2295 | D:3      | Reached skill level 5 in Dodging
  2295 | D:3      | Reached XP level 6. HP: 40/53 MP: 7/9
  2319 | D:3      | Noticed Jessica
  2328 | D:3      | Killed Jessica
  2761 | D:4      | Found a white marble altar of Elyvilon.
  2769 | D:4      | Became a worshipper of Elyvilon the Healer
  3164 | D:5      | Found a glowing golden altar of the Shining One.
  3225 | D:5      | Killed a black bear
  3226 | D:5      | Reached XP level 7. HP: 60/60 MP: 10/10
  3330 | D:5      | Reached skill level 10 in Stealth
  3462 | D:5      | Reached * piety under Elyvilon
  3705 | D:5      | Noticed Blork the orc
  3751 | D:5      | Found a snail-covered altar of Cheibriados.
  3776 | D:4      | Reached XP level 8. HP: 53/67 MP: 12/12
  3860 | D:5      | Killed Blork the orc
  4499 | D:6      | Noticed a yak
  4614 | D:6      | Killed a yak
  4748 | D:6      | Reached XP level 9. HP: 33/74 MP: 13/15
  4979 | D:6      | Found a staircase to the Ecumenical Temple.
  5231 | D:6      | Reached ** piety under Elyvilon
  5571 | D:6      | Found an ornate altar of the Wu Jian Council.
  6141 | D:7      | Noticed Jeremiah
  6164 | D:7      | Killed Jeremiah
  6165 | D:7      | Reached skill level 5 in Invocations
  6322 | D:7      | Found a bloodstained altar of Trog.
  6482 | D:7      | Noticed Joseph
  6500 | D:7      | Killed Joseph
  6768 | D:7      | Found a glowing silver altar of Zin.
  6768 | D:7      | Found a blossoming altar of Fedhas.
  6873 | D:7      | Found a sparkling altar of Nemelex Xobeh.
  7067 | D:8      | Reached *** piety under Elyvilon
  7145 | Abyss:1  | Cast into level 1 of the Abyss (orc warrior)
  7167 | Abyss:1  | Noticed an orange demon
  7232 | Abyss:1  | Noticed a hellion
  7235 | Abyss:1  | HP: 1/74 [hellion/damnation (30)]
  7238 | Abyss:1  | Elyvilon protects you from harm!
  7239 | Abyss:1  | Killed from afar by a hellion

Illustrated notes

Levels and vault maps discovered:
D:1:      lightli_arrival_maybe_door_vault, layout_basic, serial_bayou_crossing
D:2:      layout_basic, serial_shops, nicolae_diamond_shop,
          minmay_misc_feat_plants, uniq_natasha, uniq_terence
D:3:      layout_loops_ring, hellmonk_ghost_happy_afterlife, uniq_sigmund,
          uniq_jessica
D:4:      layout_gridville, kennysheep_ying_yang,
          nicolae_qazlal_style_of_elements, serial_shops, shop
D:5:      layout_loops_corners, overflow_temple_1_default, slow_altar_1,
          uniq_blork_the_orc
D:6:      layout_basic, kennysheep_little_box, minmay_temple_entry_tees,
          chequers_serial_rivers_micro_d, grunt_decor_junction,
          minmay_chambers_of_fives
D:7:      layout_cave_pools, lemuel_round_altar, kennysheep_mini_moat,
          gammafunk_temple_overflow_wave, uniq_joseph, uniq_jeremiah
D:8:      layout_loops_ring, minmay_lair_entry_grove, kennysheep_generic_room_3
Abyss:1:  base: D:1, evilmike_abyss_exit_6

Skill      XL: |  1  2  3  4  5  6  7  8  9 |
---------------+----------------------------+-----
Stealth        | 10 | 10.8
Invocations    | 1 2 3 4 5 |  5.4
Short Blades   | 1 2 3 4 |  4.9
Long Blades    | 1 2 3 4 |  4.9
Axes           | 1 2 3 4 |  4.9
Maces & Flails | 1 2 3 4 |  4.9
Staves         | 1 2 3 4 |  4.9
Ranged Weapons | 1 2 3 4 |  4.9
Throwing       | 1 2 3 4 |  4.9
Armour         | 1 2 3 4 |  4.9
Shields        | 1 2 3 4 |  4.9
Unarmed Combat | 1 2 3 4 |  4.9
Spellcasting   | 1 2 3 4 |  4.9
Evocations     | 1 2 3 4 |  4.9
Shapeshifting  | 1 2 3 4 |  4.5
Conjurations   | 1 2 3 4 |  4.1
Hexes          | 1 2 3 4 |  4.1
Summonings     | 1 2 3 4 |  4.1
Necromancy     | 1 2 3 4 |  4.1
Translocations | 1 2 3 4 |  4.1
Fire Magic     | 1 2 3 4 |  4.1
Ice Magic      | 1 2 3 4 |  4.1
Air Magic      | 1 2 3 4 |  4.1
Earth Magic    | 1 2 3 4 |  4.1
Alchemy        | 1 2 3 4 |  4.1
Polearms       | 5 6 |  6.8
Dodging        | 5 6 |  6.8
Fighting       | 7 8 |  8.3

Action                     |  1- 3 |  4- 6 |  7- 9 || total
---------------------------+-------+-------+-------++-------
  Melee: Spear             |    93 |   101 |       ||   194
         Bite              |     7 |    10 |    39 ||    56
         Unarmed           |       |    30 |       ||    30
         Short sword       |       |    42 |   227 ||   269
         War axe           |       |       |   149 ||   149
  Throw: Dart              |       |     1 |       ||     1
 Invoke: Heal Other        |       |       |     5 ||     5
         Heal Self         |       |       |     2 ||     2
  Evoke: Wand              |       |     3 |     3 ||     6
    Use: Potion            |       |     2 |       ||     2
         Scroll            |       |     7 |     5 ||    12
   Stab: Sleeping          |    14 |     2 |     2 ||    18
         Paralysed         |       |     4 |     2 ||     6
         Distracted        |       |       |     1 ||     1
 Armour: Leather armour    |     9 |       |       ||     9
         Ring mail         |    27 |    56 |       ||    83
         Skin              |       |    30 |    22 ||    52
         Chain mail        |       |    25 |   263 ||   288
  Dodge: Dodged            |    29 |    48 |    98 ||   175
  Block: Kite shield       |       |    44 |   288 ||   332

Table legend: (Time is in decaauts)
 A = Elapsed time spent in this place.
 B = Non-inter-level travel time spent in this place.
 C = Inter-level travel time spent in this place.
 D = Time resting spent in this place.
 E = Time spent auto-exploring this place.
 F = Levels seen in this place.
 G = Mean time per level.
                   A        B        C        D        E       F      G
               +--------+--------+--------+--------+--------+-----+--------+
         Total |   7327 |   7109 |    218 |   1256 |   3194 |   9 |  814.1 |
       Dungeon |   7232 |   7014 |    218 |   1256 |   3194 |   8 |  904.0 |
         Abyss |     94 |     94 |      0 |      0 |      0 |   1 |   94.0 |
               +--------+--------+--------+--------+--------+-----+--------+

Top non-repeatable levels by time:
     D:6: 1878 daAuts
     D:5: 1152 daAuts
     D:7: 1085 daAuts
     D:4: 953 daAuts
     D:3: 854 daAuts
     D:2: 576 daAuts
     D:1: 528 daAuts
     D:8: 202 daAuts
 Abyss:1: 94 daAuts
